 Dungeon Crawl Stone Soup version 0.31-a0-219-g8d62b2e7bb (webtiles) character file.

Game seed: 7082551899022249107

496 inqbanana the Nimble (level 6, -2/30 HPs)
             Began as a Felid Monk on July 3, 2023.
             Was a Priest of Makhleb.
             Slain by a sleepcap (4 damage)
             ... on level 6 of the Dungeon.
             The game lasted 00:16:40 (3656 turns).

inqbanana the Nimble (Felid Monk)                   Turns: 3656, Time: 00:16:41

Health: -2/30      AC:  2    Str:  7    XL:     6   Next: 93%
Magic:  10/10      EV: 23    Int: 11    God:    Makhleb [***...]
Gold:   260        SH:  0    Dex: 21    Spells: 5/5 levels left
                                        Lives:  0   Deaths: 2

rFire   . .          .
                       - Unarmed
rCold   . . .        (shield unavailable)
rNeg    . . .        (body armour unavailable)
rPois   .            (helmet unavailable)
rElec   .            (cloak unavailable)
rCorr   .            (gloves unavailable)
SInv    +            (boots unavailable)
Will    .....        g - amulet of regeneration
Stlth   +++          (no ring)
HPRegen 1.05/turn    (no ring)
MPRegen 0.12/turn

%: no passive effects
@: studying Dodging, quick
A: very small, claws 1, fangs 3, see invisible, speed 1, shaggy fur 2, stealthy
paws, no weapons or thrown items, no armour, multi-lived
a: Renounce Religion, Minor Destruction, Lesser Servant of Makhleb


You were on level 6 of the Dungeon.
You worshipped Makhleb.
Makhleb was most pleased with you.
You visited 1 branch of the dungeon, and saw 6 of its levels.

You collected 260 gold pieces.

Inventory:

Jewellery
 g - an amulet of regeneration (around neck)
Wands
 c - a wand of acid (11)
Scrolls
 b - 2 scrolls of fear
 d - a scroll of identify
 k - 4 scrolls of teleportation
 l - 2 scrolls of noise
Potions
 a - a potion of ambrosia
 e - 2 potions of curing
 m - a potion of haste
 o - 2 potions of cancellation


   Skills:
 + Level 4.8 Fighting
 + Level 8.1 Dodging
 + Level 4.8 Stealth
 + Level 5.4 Unarmed Combat
 * Level 4.4 Invocations


You had 5 spell levels left.
You didn't know any spells.
Your spell library was empty.

Dungeon Overview and Level Annotations

Branches:
Dungeon (6/15)             Temple (0/1) D:4

Altars:
Makhleb
Nemelex Xobeh


Innate Abilities, Weirdness & Mutations

You have sharp claws.
You have razor-sharp teeth.
You have supernaturally acute eyesight. (SInv)
You cover ground quickly. (Speed+)
You are covered in thick fur. (AC +2)
Your paws help you pounce on unaware monsters.
You are incapable of wielding weapons or throwing items.
You cannot wear armour.
You gain extra lives every three experience levels.


Message History

You scratch the kobold brigand.
The kobold brigand is moderately wounded.
The kobold completely misses you. x3
The kobold brigand completely misses you.
The sleepcap releases spores at you but does no damage.
You miss the kobold brigand.
The kobold brigand is moderately wounded.
The kobold hits you with a +0 whip. The kobold barely misses you.
The kobold closely misses you.
The kobold brigand completely misses you.
The sleepcap misses you.
You barely miss the kobold brigand.
The kobold brigand is moderately wounded.
The kobold closely misses you. x2; The kobold misses you.
The kobold brigand closely misses you. The sleepcap releases spores at you.
You barely miss the kobold brigand.
The kobold brigand is moderately wounded.
The kobold completely misses you. The kobold barely misses you.
The kobold hits you with a +0 short sword.
The kobold brigand hits you with a +0 dagger.
The sleepcap completely misses you.
You closely miss the kobold brigand.
The kobold brigand is moderately wounded.
The kobold completely misses you. x2; The kobold misses you.
The kobold brigand barely misses you. The sleepcap completely misses you.
You scratch the kobold brigand but do no damage.
The kobold brigand is moderately wounded.
The kobold misses you. The kobold closely misses you.
The kobold hits you with a +0 short sword.
The kobold brigand misses you. The sleepcap releases spores at you.
* * * LOW HITPOINT WARNING * * *
You are engulfed in a cloud of soporific spores!
You fall asleep.
The kobold hits you with a +0 whip.
You wake up.
* * * LOW HITPOINT WARNING * * *
The kobold misses you.
The kobold hits you with a +0 short sword.
* * * LOW HITPOINT WARNING * * *
The kobold brigand misses you. The sleepcap releases spores at you.
You die...

#... ...# ... #..##
. ...# ####..
#..##.....#
#KKK....# #.@...#
#f)K### ###..##
#....# ##...## ##
##....##### ####
..##.[.......###..#
................###
............#..##


You could see a kobold brigand, a sleepcap and 3 kobolds.

Vanquished Creatures
  An ice beast (D:5)
  An ogre (D:4)
  Blork the orc (D:4)
  A phantom (D:5)
  A hound (D:4)
  A jelly (D:4)
  2 sleepcaps
  An iguana (D:5)
  Robin (D:3)
  9 adders
  A white imp (D:5)
  A worm (D:2)
  2 dart slugs
  9 orcs
  6 ball pythons
  10 bats
  6 endoplasms
  4 giant cockroaches
  26 goblins
  3 hobgoblins
  2 jackals (D:5)
  8 kobolds
  4 quokkas
  A frilled lizard (D:1)
  3 rats
105 creatures vanquished.

Vanquished Creatures (collateral kills)
  Prince Ribbit (D:6)
  An orc warrior (D:6)
  A sleepcap (D:5)
  A dart slug (D:5)
  8 orcs
12 creatures vanquished.

Grand Total: 117 creatures vanquished

Notes
Turn   | Place    | Note
-------+----------+-------------------------------------------
     0 | D:1      | inqbanana the Felid Monk began the quest for the Orb.
     0 | D:1      | Reached XP level 1. HP: 10/10 MP: 2/2
   150 | D:1      | Reached XP level 2. HP: 14/14 MP: 3/3
   165 | D:1      | Reached skill level 1 in Stealth
  1017 | D:2      | Reached XP level 3. HP: 14/17 MP: 4/4
  1622 | D:3      | Reached skill level 5 in Dodging
  1622 | D:3      | Reached XP level 4. HP: 17/21 MP: 5/5
  1629 | D:3      | Found a faded altar of an unknown god.
  1637 | D:3      | Prayed at the altar of an unknown god.
  1637 | D:3      | Became a worshipper of Makhleb the Destroyer
  1637 | D:3      | Reached * piety under Makhleb
  1637 | D:3      | Reached ** piety under Makhleb
  1978 | D:3      | Found a sparkling altar of Nemelex Xobeh.
  1986 | D:3      | Noticed Robin
  2000 | D:3      | Reached *** piety under Makhleb
  2025 | D:3      | HP: 1/21 [goblin/+2 dagger of protection[Robin] (9)]
  2026 | D:3      | Mangled by a goblin
  2027 | D:3      | Reached XP level 3. HP: -6/17 MP: 4/4
  2220 | D:3      | Reached XP level 4. HP: 21/21 MP: 5/5
  2221 | D:3      | Reached skill level 1 in Invocations
  2254 | D:3      | Killed Robin
  2478 | D:4      | Noticed Blork the orc
  2498 | D:4      | Killed Blork the orc
  2499 | D:4      | Reached skill level 6 in Dodging
  2499 | D:4      | Reached XP level 5. HP: 24/25 MP: 5/7
  2505 | D:4      | Found a staircase to the Ecumenical Temple.
  2548 | D:4      | Noticed an ogre
  2574 | D:4      | Killed an ogre
  2575 | D:4      | Gained mutation: You are covered in thick fur. (AC +2)
                  | [Felid growth]
  2575 | D:4      | Reached XP level 6. HP: 28/28 MP: 8/8
  2722 | D:4      | Reached **** piety under Makhleb
  2854 | D:5      | Entered Level 5 of the Dungeon
  3100 | D:5      | Reached skill level 7 in Dodging
  3100 | D:5      | Reached skill level 5 in Unarmed Combat
  3122 | D:5      | Reached XP level 7. HP: 32/32 MP: 10/10
  3316 | D:6      | Noticed Prince Ribbit
  3325 | D:6      | Killed Prince Ribbit
  3345 | D:6      | Reached skill level 8 in Dodging
  3593 | D:6      | Killed from afar by an orc wizard
  3594 | D:6      | Reached XP level 6. HP: -6/30 MP: 10/10
  3656 | D:6      | Slain by a sleepcap

Illustrated notes

Levels and vault maps discovered:
D:1:      lightli_arrival_statue_moat, layout_loops_ring
D:2:      layout_basic
D:3:      layout_loops_cross, amcnicky_altar_gilded,
          hellmonk_ecumenical_altar_zigzags, grunt_ministairs_14, uniq_robin
D:4:      layout_rooms, minmay_temple_entry_junction_2, uniq_blork_the_orc
D:5:      layout_rooms
D:6:      layout_layer_cave, pf_guarded_unrand_woodcutter, uniq_prince_ribbit1

Skill      XL: |  1  2  3  4  5  6  7 |
---------------+----------------------+-----
Stealth        | 1 2 3 4 |  4.8
Dodging        | 5 6 7 8 |  8.1
Unarmed Combat | 4 5 |  5.4
Invocations    | 1 2 3 4 |  4.4
Fighting       | 4 |  4.8

Action                     |  1- 3 |  4- 6 |  7- 9 || total
---------------------------+-------+-------+-------++-------
  Melee: Unarmed           |   136 |   172 |    16 ||   324
         Bite              |    20 |    11 |     2 ||    33
         Punch             |    10 |     9 |       ||    19
 Invoke: Minor Destruction |       |     5 |     5 ||    10
         Lesser Servant of |       |     1 |     4 ||     5
    Use: Potion            |       |     6 |       ||     6
         Scroll            |       |     8 |     1 ||     9
   Stab: Sleeping          |     8 |     6 |     2 ||    16
         Distracted        |     1 |     1 |       ||     2
 Armour: Skin              |     5 |    11 |     2 ||    18
  Dodge: Dodged            |    99 |   161 |    15 ||   275

Table legend: (Time is in decaauts)
 A = Elapsed time spent in this place.
 B = Non-inter-level travel time spent in this place.
 C = Inter-level travel time spent in this place.
 D = Time resting spent in this place.
 E = Time spent auto-exploring this place.
 F = Levels seen in this place.
 G = Mean time per level.
                   A        B        C        D        E       F      G
               +--------+--------+--------+--------+--------+-----+--------+
         Total |   3020 |   2884 |    136 |     74 |   1486 |   6 |  503.3 |
       Dungeon |   3020 |   2884 |    136 |     74 |   1486 |   6 |  503.3 |
               +--------+--------+--------+--------+--------+-----+--------+

Top non-repeatable levels by time:
     D:3: 736 daAuts
     D:1: 642 daAuts
     D:2: 639 daAuts
     D:5: 354 daAuts
     D:4: 343 daAuts
     D:6: 304 daAuts
